 Dungeon Crawl Stone Soup version 0.27-a0-1177-g245c70e1c0 (webtiles) character file.

Game seed: 14435688310588653465

95 ragingrage the Ruffian (level 4, -2/38 HPs)
             Began as a Ghoul Monk on May 16, 2021.
             Slain by Natasha (6 damage)
             ... on level 2 of the Dungeon.
             The game lasted 00:01:38 (2670 turns).

ragingrage the Ruffian (Ghoul Monk)                 Turns: 2670, Time: 00:01:39

Health: -2/38      AC:  2    Str: 14    XL:     4   Next: 65%
Magic:  3/3        EV: 12    Int:  5    God:
Gold:   51         SH:  0    Dex: 12    Spells: 3/3 levels left

rFire    . . .     SeeInvis .     - Unarmed
rCold    + . .     Faith    .   (no shield)
rNeg     + + +     Spirit   .   a - +0 robe
rPois    ∞         Reflect  .   (no helmet)
rElec    .         Harm     .   (no cloak)
rCorr    .         Rampage  .   (no gloves)
Will     .....                  (no boots)
Stlth    ++........             (no amulet)
HPRegen  0.00/turn              (no ring)
MPRegen  0.08/turn              (no ring)

@: no status effects
A: claws 1, cold resistance 1, negative energy resistance 3, inhibited
regeneration, torment resistance 2
a: no special abilities


You were on level 2 of the Dungeon.
You visited 1 branch of the dungeon, and saw 2 of its levels.

You collected 51 gold pieces.

Inventory:

Armour
 a - a +0 robe (worn)
Scrolls
 b - a scroll of immolation {unknown}
 f - a scroll of fog {unknown}
 g - 3 scrolls of identify {unknown}
Potions
 c - a potion of haste {unknown}
 d - a potion of curing {unknown}
 e - a potion of might {unknown}


   Skills:
 - Level 3.2 Fighting
 - Level 2.6 Dodging
 - Level 2.1 Stealth
 + Level 5.8 Unarmed Combat


You had 3 spell levels left.
You didn't know any spells.
Your spell library contained the following spells:

 Spells                   Type           Power      Damage    Failure   Level
 Animate Skeleton         Necr           0%         N/A       47%         1
 Apportation              Tloc           0%         N/A       47%         1
 Corona                   Hex            0%         N/A       47%         1
 Freeze                   Ice            0%         1d3       47%         1
 Summon Small Mammal      Summ           0%         N/A       47%         1
 Frozen Ramparts          Ice            0%         1d2       85%         3
 Ozocubu's Armour         Ice            0%         N/A       85%         3
 Hailstorm                Conj/Ice       0%         3d3       99%         4
 Metabolic Englaciation   Hex/Ice        0%         N/A       100%        5


Dungeon Overview and Level Annotations

Branches:
Dungeon (2/15)

Altars:
Xom

Annotations:
D:2 Natasha


Innate Abilities, Weirdness & Mutations

You thrive by killing the living.
You are immune to poison.
You have sharp fingernails.
Your flesh is cold resistant. (rC+)
You are immune to negative energy. (rN+++)
You do not regenerate when monsters are visible.
You are immune to unholy pain and torment.


Message History

Natasha casts a spell at you. The magic dart hits you.
You scratch Natasha.
Natasha is lightly wounded.
Natasha closely misses you.
You miss Natasha.
Natasha is lightly wounded.
Natasha claws you!
You are too injured to fight recklessly!
You are too injured to fight recklessly!
You are too injured to fight recklessly!
You are too injured to fight recklessly!
You are too injured to fight recklessly!
You are too injured to fight recklessly!
You are too injured to fight recklessly!
You are too injured to fight recklessly!
You are too injured to fight recklessly!
You are too injured to fight recklessly!
You are too injured to fight recklessly!
You are too injured to fight recklessly!
You are too injured to fight recklessly!
You are too injured to fight recklessly!
You are too injured to fight recklessly!
You are too injured to fight recklessly!
You barely miss Natasha.
Natasha is lightly wounded.
Natasha claws you!
* * * LOW HITPOINT WARNING * * *
You claw Natasha!
Natasha is heavily wounded.
Natasha barely misses you.
You scratch Natasha.
Natasha is severely wounded.
Natasha casts a spell at you. The magic dart hits you!
* * * LOW HITPOINT WARNING * * *
You scratch Natasha.
Natasha is almost dead.
Natasha claws you.
You die...

#.....# ##...##
#.....# #...#.#
#.....# #...#.#
#.....# #..##.#
############...## #..
..##.....# #.#
#.##.###.#
#.##.##.#####.##.# #.#
#.....h@......##.###.#
####.##.##.##.##.....#
#.##.##.####.###
#............#
#.#####.######
#.#####.# #.......#
#########


You could see Natasha.

Vanquished Creatures
  A gnoll (D:1)
  3 adders (D:2)
  3 worms (D:2)
  A dart slug (D:1)
  9 ball pythons
  3 endoplasms
  2 giant cockroaches
  A hobgoblin (D:2)
  5 jackals (D:1)
  3 kobolds (D:1)
  A quokka (D:1)
  4 bats
  5 frilled lizards
  3 goblins
  7 rats
51 creatures vanquished.

Notes
Turn   | Place    | Note
-------+----------+-------------------------------------------
     0 | D:1      | ragingrage the Ghoul Monk began the quest for the Orb.
     0 | D:1      | Reached XP level 1. HP: 19/19 MP: 0/0
   172 | D:1      | Reached XP level 2. HP: 23/26 MP: 1/1
   239 | D:1      | Reached skill level 4 in Unarmed Combat
   625 | D:1      | Reached XP level 3. HP: 11/31 MP: 2/2
  1611 | D:2      | Reached skill level 5 in Unarmed Combat
  1855 | D:2      | Reached XP level 4. HP: 28/38 MP: 3/3
  2009 | D:2      | Found a shimmering altar of Xom.
  2661 | D:2      | Noticed Natasha
  2670 | D:2      | Slain by Natasha

Illustrated notes

Levels and vault maps discovered:
D:1:      dpeg_arrival_snail, layout_basic, grunt_decor_resistance
D:2:      layout_loops_cross, basic_altar, uniq_natasha

Skill      XL: |  1  2  3 |
---------------+----------+-----
Unarmed Combat | 4 5 |  5.8
Fighting       | |  3.2
Dodging        | |  2.6
Stealth        | |  2.1

Action                   |  1- 3 |  4- 6 || total
-------------------------+-------+-------++-------
Melee: Unarmed           |   119 |    49 ||   168
       Punch             |     1 |       ||     1
 Stab: Sleeping          |     5 |     4 ||     9
Armor: Robe              |    21 |     5 ||    26
Dodge: Dodged            |    78 |    38 ||   116

Table legend: (Time is in decaauts)
 A = Elapsed time spent in this place.
 B = Non-inter-level travel time spent in this place.
 C = Inter-level travel time spent in this place.
 D = Time resting spent in this place.
 E = Time spent auto-exploring this place.
 F = Levels seen in this place.
 G = Mean time per level.
                   A        B        C        D        E       F      G
               +--------+--------+--------+--------+--------+-----+--------+
         Total |   2658 |   2617 |     41 |    450 |   1790 |   2 | 1329.0 |
       Dungeon |   2658 |   2617 |     41 |    450 |   1790 |   2 | 1329.0 |
               +--------+--------+--------+--------+--------+-----+--------+

Top non-repeatable levels by time:
     D:1: 1538 daAuts
     D:2: 1120 daAuts
